Map: Ruins of Seras

Players

script - Winner!

  • Race: Zerg Zerg
  • League: Gold

oremj

  • Race: Zerg Zerg
  • League: Gold

VOD

Have the link to the VOD?

Description

Time

  • Played on: Nov. 11, 2015, 8:07 p.m.
  • Length: 9:07
Show
View Real Time Build Order
Export as new Build Order

script Zerg - Winner!

Build Orders: Hatch First 

Get SALT Encoding   

  12  0:01  Drone  
  13  0:12  Overlord  
  13  0:18  Drone  
  14  0:31  Drone x2  
  17  0:35  Drone  
  17  0:56  Hatchery, Drone  
  17  0:59  Extractor  
  16  1:07  Drone x2  
  18  1:20  Spawning Pool  
  18  1:22  Drone  
  18  1:38  Drone  
  18  1:39  Overlord  
  19  1:53  Drone  
  20  2:01  Drone  
  21  2:09  Zergling x2, Queen  
  21  2:15  Queen  
  26  2:17  Zergling x2  
  26  2:18  Metabolic Boost  
  26  2:20  Zergling x2  
  28  2:36  Zergling x6  
  30  2:48  Zergling x4  
  31  2:52  Zergling x2  
  32  3:04  Drone  
  32  3:14  Drone x2  
  32  3:15  Drone  
  32  3:18  Evolution Chamber  
  34  3:25  Baneling Nest  
  35  3:29  Overlord  
  35  3:30  Overlord  
  35  3:41  Overlord  
  35  3:54  Zergling x10  
  35  3:55  Zergling x2  
  41  4:00  Zerg Ground Armor Level 1  
  38  4:05  Zergling x8  
  38  4:13  Zergling x6  
  40  4:17  Zergling x2  
  40  4:18  Zergling x2  
  42  4:25  Drone  
  42  4:27  Drone  
  42  4:50  Zergling x10  
  42  4:51  Zergling x2  
  48  4:53  Drone  
  49  5:04  Zergling x6  
  48  5:11  Baneling x4  
  48  5:14  Baneling x3  
  48  5:17  Zergling x4  
  50  5:22  Drone  
  51  5:33  Drone  
  51  5:34  Drone x2  
  43  5:47  Zergling x4  
  43  5:48  Zergling x8  
  47  5:54  Zerg Melee Weapons Level 1  
  47  6:00  Zergling x4  
  48  6:18  Zergling x6  
  48  6:19  Zergling x6  
  46  6:37  Zergling x8  
  47  6:41  Roach Warren  
  47  6:44  Hatchery  
  44  6:55  Baneling x4  
  44  6:57  Drone x2  
  44  6:58  Drone  
  44  6:59  Spore Crawler  
  44  7:00  Drone x3  
  49  7:02  Lair  
  49  7:05  Spore Crawler  
  48  7:12  Drone x2  
  48  7:13  Drone x2  
  48  7:15  Baneling  
  52  7:17  Extractor, Queen  
  52  7:18  Extractor  
  52  7:19  Drone  
  48  7:43  Zergling x4  
  48  7:44  Zergling x8  
  52  8:01  Zergling x4  
  52  8:02  Zergling x6  
  54  8:08  Zergling x8  
  58  8:17  Zergling x2  
  58  8:18  Zergling x10  
  64  8:21  Baneling x7  
  64  8:26  Zergling x2  
  65  8:28  Overlord  
  65  8:29  Overlord x2  
  65  8:31  Overlord  
  65  8:36  Extractor  
Show
View Real Time Build Order
Export as new Build Order

oremj Zerg 

Build Orders: Hatch First 

Get SALT Encoding   

  12  0:01  Drone  
  13  0:08  Drone  
  14  0:36  Hatchery  
  14  0:38  Drone  
  14  0:56  Spawning Pool  
  13  0:57  Drone  
  13  1:02  Extractor  
  13  1:08  Overlord  
  13  1:13  Drone  
  14  1:43  Queen, Zergling x6  
  19  1:53  Drone  
  20  1:58  Baneling Nest  
  19  2:02  Zergling x2  
  19  2:04  Zergling x2  
  21  2:11  Drone  
  22  2:19  Overlord  
  22  2:28  Metabolic Boost  
  22  2:37  Drone x2  
  22  2:42  Drone  
  23  2:58  Queen  
  23  3:08  Drone x3  
  26  3:13  Drone x2  
  28  3:24  Drone x2  
  30  3:29  Overlord  
  30  3:46  Baneling x2  
  30  3:47  Zergling x2, Baneling  
  30  3:48  Zergling x10  
  31  4:00  Zergling x8  
  24  4:14  Drone  
  25  4:21  Drone x2  
  25  4:23  Drone  
  28  4:28  Drone  
  29  4:35  Drone x2  
  29  4:39  Drone  
  29  4:43  Drone  
  31  4:47  Baneling x2  
  31  4:48  Drone  
  32  4:55  Lair  
  32  5:04  Zergling x4  
  34  5:08  Drone x2  
  36  5:17  Queen  
  36  5:19  Overlord  
  38  5:22  Drone  
  38  5:26  Extractor  
  38  5:28  Extractor  
  37  5:31  Drone x2, Extractor  
  38  5:39  Drone  
  38  5:40  Drone  
  37  5:47  Spine Crawler  
  37  5:49  Drone, Spine Crawler  
  32  5:50  Spine Crawler  
  31  5:59  Baneling x4  
  23  6:16  Zergling x4  
  23  6:17  Zergling x2  
  24  6:22  Drone x2  
  25  6:31  Drone x2  
  24  6:44  Drone x2  
  26  6:54  Baneling  
  26  6:55  Drone x2  
  26  6:56  Queen  
  26  6:59  Queen  
  32  7:05  Drone x2  
  34  7:16  Drone x2  
  34  7:32  Zergling x4  
  31  7:38  Zergling x4  
  28  7:50  Drone x2  
  21  8:00  Queen x2  
  23  8:08  Drone x4  
  27  8:17  Baneling x2  
  27  8:19  Drone x4  
  31  8:21  Drone  
  32  8:38  Spire  
Tags
 
Add a new tag
Caveats
  • Supply blocks, unpowered buildings, or Contaminate may cause inaccurate times.
  • Supply counts are checked every 10 seconds.